 Dungeon Crawl Stone Soup version 0.31-a0-1202-ga8fea8b373 (webtiles) character file.

Game seed: 2315933738030814991

755 Inarius the Trooper (level 7, 0/55 HPs)
             Began as a Mummy Fighter on Dec 12, 2023.
             Slain by an ogre
             ... wielding a +0 giant club
              (10 damage)
             ... on level 6 of the Dungeon.
             The game lasted 00:05:05 (3882 turns).

Inarius the Trooper (Mummy Fighter)                 Turns: 3882, Time: 00:05:06

Health: 0/55       AC:  9    Str: 24    XL:     7   Next: 49%
Magic:  7/7        EV:  9    Int:  7    God:
Gold:   188        SH:  4    Dex: 12    Spells: 6/6 levels left

rFire   x . .        a - +0 war axe
rCold   + . .        c - +0 buckler
rNeg    + + +        b - +0 scale mail
rPois   ∞            i - +1 helmet "Gicued" {Rampage Str+3}
rElec   .            (no cloak)
rCorr   .            (no gloves)
SInv    .            (no boots)
Will    .....        (no amulet) Stlth
                     (no ring)
HPRegen 0.29/turn    (no ring)
MPRegen 0.10/turn

%: rampage, faith
@: no status effects
A: cold resistance 1, negative energy resistance 3, torment resistance 2, heat
vulnerability 1, in touch with death 1, no potions, faith
a: no special abilities


You were on level 6 of the Dungeon.
You visited 2 branches of the dungeon, and saw 7 of its levels.

You collected 188 gold pieces.

Inventory:

Hand Weapons
 a - a +0 war axe (weapon)
Armour
 b - a +0 scale mail (worn)
 c - a +0 buckler (worn)
 i - the +1 helmet "Gicued" (worn) {Rampage Str+3}
   (You took it off Robin on level 3 of the Dungeon)

   Str+3:     It affects your strength (+3).
   Rampage:   It bestows one free step when moving towards enemies.
Wands
 k - a wand of flame (23)
 m - a wand of iceblast (8)
 o - a wand of mindburst (8)
Scrolls
 d - 3 scrolls of identify {unknown}
 e - 2 scrolls of enchant armour {unknown}
 f - 2 scrolls of noise {unknown}
 g - a scroll of revelation {unknown}
 h - a scroll of fear {unknown}
 j - a scroll of teleportation {unknown}
 l - 2 scrolls of amnesia {unknown}
 n - a scroll of acquirement {unknown}


   Skills:
 + Level 4.9 Fighting
 + Level 4.8 Axes
 + Level 3.8 Armour
 + Level 3.0 Shields
 * Level 1.6 Evocations


You had 6 spell levels left.
You didn't know any spells.
Your spell library contained the following spells:

 Spells                   Type           Power      Damage    Failure   Level
 Slow                     Hex            0%         N/A       80%         1
 Confusing Touch          Hex            0%         N/A       99%         3
 Inner Flame              Hex/Fire       0%         N/A       99%         3
 Sigil of Binding         Hex            0%         N/A       99%         3
 Vampiric Draining        Necr           0%         2d6       99%         3
 Yara's Violent Unravell  Hex/Tmut       0%         3d3       100%        5
 Enfeeble                 Hex            0%         N/A       100%        7


Dungeon Overview and Level Annotations

Branches:
Dungeon (6/15)             Temple (1/1) D:4

Altars:
Dithmenos
Gozag
Nemelex Xobeh
Okawaru
Trog
Vehumet
Wu Jian
Yredelemnul

Shops:
D:1 (

Annotations:
D:5 Sigmund


Innate Abilities, Weirdness & Mutations

You are immune to poison.
Your flesh is cold resistant. (rC+)
You are immune to negative energy. (rN+++)
You are immune to unholy pain and torment.
You are vulnerable to heat. (rF-)
You are in touch with the powers of death.
You do not drink.
You have a special connection with the divine. (Faith)


Message History

No target in view!
No target in view!
No target in view!
No target in view!
No target in view!
No target in view!
No target in view!
No target in view!
You see here a hound corpse.
You see here a +1 long sword of flaming.
Found a leather armour.
Found a stone staircase leading up.
Sigmund the Dreaded comes into view.
He is wielding a +0 scythe.
Found a stone staircase leading down.
Sigmund shouts!
Sigmund casts a spell at you. The puff of flame hits you.
Sigmund laughs darkly.
Sigmund attacks as he pursues you! Sigmund hits you but does no damage.
Sigmund attacks as he pursues you! Sigmund closely misses you.
There is a stone staircase leading down here.
You climb downwards.
The ogre shouts!
You hear a shout! x3
Found 6 gold pieces.
There is a stone staircase leading up here.
You slash the ogre!
The ogre is moderately wounded.
The ogre hits you with a +0 giant club!!
Ouch! That really hurt!
An orc wizard comes into view. It is wielding a +0 dagger.
You slash the ogre!
The ogre is heavily wounded.
The ogre hits you with a +0 giant club!
* * * LOW HITPOINT WARNING * * *
You slash the ogre!
The ogre is almost dead.
An orc wizard comes into view. It is wielding a +0 dagger.
The sky beast flickers out of sight!
Deactivating autopickup; reactivate with Ctrl-A.
The ogre hits you with a +0 giant club!
You die...

#...# #...# ###
######...###...
............$.o
.....{.....
....... #..o#
#O@.# #...#
#...# #....
#...#. ..###.#
#. . .. ..


You could see an ogre and 2 orc wizards.

Vanquished Creatures
  A water moccasin (D:5)
  A black bear (D:4)
  A phantom (D:5)
  A scorpion (D:3)
  A howler monkey (D:4)
  A jelly (D:5)
  4 hounds
  Terence (D:3)
  2 iguanas
  Robin (D:3)
  4 adders
  3 worms
  3 dart slugs
  5 orcs
  4 bats
  12 endoplasms
  3 giant cockroaches
  17 goblins
  13 hobgoblins
  2 quokkas
  6 ball pythons
  5 frilled lizards
  6 kobolds
  5 rats
102 creatures vanquished.

Notes
Turn   | Place    | Note
-------+----------+-------------------------------------------
     0 | D:1      | Inarius the Mummy Fighter began the quest for the Orb.
     0 | D:1      | Reached XP level 1. HP: 18/18 MP: 1/1
    64 | D:1      | Found Koosut's Weapon Emporium.
   259 | D:1      | Reached XP level 2. HP: 24/24 MP: 2/2
   847 | D:2      | Reached XP level 3. HP: 21/29 MP: 3/3
  1052 | D:2      | Reached XP level 4. HP: 32/37 MP: 4/4
  1634 | D:3      | Noticed Terence
  1831 | D:3      | Identified the +1 helmet "Gicued" {Rampage Str+3}
  1831 | D:3      | Noticed Robin
  2047 | D:3      | Killed Robin
  2048 | D:3      | Reached XP level 5. HP: 37/42 MP: 5/5
  2080 | D:3      | Found an iron altar of Okawaru.
  2127 | D:3      | Killed Terence
  2505 | D:4      | Noticed a black bear
  2514 | D:3      | Reached XP level 6. HP: 39/49 MP: 6/6
  2584 | D:4      | Found a sparkling altar of Nemelex Xobeh.
  3135 | D:4      | Found a staircase to the Ecumenical Temple.
  3271 | Temple   | Entered the Ecumenical Temple
  3303 | D:5      | Entered Level 5 of the Dungeon
  3494 | D:5      | Reached skill level 1 in Evocations
  3494 | D:5      | Reached XP level 7. HP: 53/55 MP: 7/7
  3870 | D:5      | Noticed Sigmund
  3882 | D:6      | Slain by an ogre

Illustrated notes

Levels and vault maps discovered:
D:1:      ncdulo_lavacross, layout_basic, serial_corexii_hall,
          corexii_hall_statues_t, corexii_hall_statues_i,
          chequers_hall_statues_corner_a, serial_shops, shop
D:2:      layout_basic
D:3:      layout_loops_ring, mainiacjoe_overflow_alcove_4, uniq_terence,
          uniq_robin
D:4:      layout_cave_pools, nemelex_spade_bored_becter,
          minmay_temple_entry_enclosed_plants, nrook_campfire,
          roderic_serpentine_path
D:5:      wander_river, layout_loops_ring, uniq_sigmund
D:6:      layout_loops_cross, mainiacjoe_overflow_boulevard,
          gammafunk_temple_overflow_forgotten, grunt_ministairs_14,
          uniq_prince_ribbit1
Temple:   hellmonk_temple_two_chambers

Skill      XL: |  1  2  3  4  5  6  7 |
---------------+----------------------+-----
Axes           | 2 3 4 |  4.8
Armour         | 3 |  3.8
Fighting       | 4 |  4.9
Evocations     | 1 |  1.6
Shields        | 3 |  3.0

Action                     |  1- 3 |  4- 6 |  7- 9 || total
---------------------------+-------+-------+-------++-------
  Melee: War axe           |    69 |   185 |    37 ||   291
  Evoke: Wand              |       |     5 |       ||     5
 Armour: Scale mail        |    53 |   150 |    34 ||   237
  Dodge: Dodged            |    37 |    90 |    14 ||   141
  Block: Buckler           |    11 |    38 |    11 ||    60

Table legend: (Time is in decaauts)
 A = Elapsed time spent in this place.
 B = Non-inter-level travel time spent in this place.
 C = Inter-level travel time spent in this place.
 D = Time resting spent in this place.
 E = Time spent auto-exploring this place.
 F = Levels seen in this place.
 G = Mean time per level.
                   A        B        C        D        E       F      G
               +--------+--------+--------+--------+--------+-----+--------+
         Total |   4000 |   3816 |    184 |    434 |   2599 |   7 |  571.4 |
       Dungeon |   3992 |   3809 |    183 |    434 |   2599 |   6 |  665.3 |
        Temple |      7 |      7 |      0 |      0 |      0 |   1 |    7.0 |
               +--------+--------+--------+--------+--------+-----+--------+

Top non-repeatable levels by time:
     D:2: 976 daAuts
     D:3: 811 daAuts
     D:1: 807 daAuts
     D:4: 795 daAuts
     D:5: 598 daAuts
  Temple: 7 daAuts
     D:6: 3 daAuts
